AoeStats
← Eugenius

Arena

510188863Analyzed
4v4 RM · 1d ago on Sep 29, 2026· 29m 59s· 8 players
Game mode
Random Map
Map size
Large (8 player)
Population
200
Speed
Normal
Resources
Standard
Victory
Conquest
Starting age
Dark Age
Ending age
Imperial Age
RankedLock teamsTeams togetherTeam positionsShared explorationLock speedFull tech treeHidden civsTurbo modeCheats
Victory
Defeat
🇦🇷 Bohemians · Argentina
1916
+8
🇫🇷 Saxons · France
1777
+13
🇫🇷 Khmer · France
1740
+15
🇫🇷 Burgundians · France
1647
+19
🇲🇽 Malay · Mexico
1791
-17
🇺🇸 Italians · United States
1720
-14
🇵🇪 Spanish · Peru
1708
-13
🇲🇽 Gurjaras · Mexico
1643
-11
quesarito
7:41 Feudal Age
8:07 Double-Bit Axe
13:59 Fletching
14:10 Padded Archer Armor
22:09 Castle Age
21:20 Horse Collar
22:59 Thumb Ring
22:58 Bodkin Arrow
23:19 Crossbowman
25:22 Ballistics
25:38 Wheelbarrow
26:28 Bow Saw
26:10 Gold Mining
27:31 Hand Cart
28:23 Leather Archer Armor
Paco Gerte Alrato
5:20 Loom
9:48 Feudal Age
11:01 Horse Collar
14:53 Castle Age
15:25 Wheelbarrow
14:34 Horse Collar
21:22 Husbandry
24:15 Double-Bit Axe
27:19 Bloodlines
loco_angel
13:07 Feudal Age
12:50 Loom
13:31 Double-Bit Axe
16:12 Castle Age
13:56 Horse Collar
17:05 Scale Barding Armor
18:42 Husbandry
23:19 Forging
25:29 Wheelbarrow
25:31 Iron Casting
25:19 Heavy Plow
Eugenius
9:40 Feudal Age
13:15 Castle Age
11:37 Loom
AOKI_Yo
11:18 Feudal Age
14:26 Castle Age
12:20 Horse Collar
14:59 Double-Bit Axe
15:24 Loom
28:55 Gold Mining
AOKI_Gryphon
10:43 Feudal Age
12:14 Double-Bit Axe
12:10 Horse Collar
14:48 Castle Age
15:38 Loom
20:27 Scale Mail Armor
24:36 Forging
25:43 Bow Saw
29:37 Chain Mail Armor
Defonceur2Well67
3:35 Double-Bit Axe
8:27 Horse Collar
11:40 Feudal Age
15:22 Castle Age
13:32 Heavy Plow
13:52 Bow Saw
14:26 Heavy Plow
18:27 Scale Barding Armor
25:58 Fletching
26:32 Chain Barding Armor
26:23 Forging
29:32 Wheelbarrow
29:24 Loom
29:31 Gold Mining
Gary_zZ
11:07 Feudal Age
12:03 Double-Bit Axe
14:52 Castle Age
12:37 Horse Collar
16:08 Bow Saw
Connection lost

Rejoining the realm…

Still unreachable

The connection could not be restored.

Session expired

The server has moved on; the page needs a fresh start.